 Dungeon Sprint DCSS version 0.27-a0-1101-ge311f74bc8 (webtiles) character file.

Game seed: 17747168026644568115

215000 mhtbhm the Archmage (level 18, -41/85 HPs)
             Began as a Deep Elf Fire Elementalist on Apr 29, 2021.
             Was the Champion of Vehumet.
             Annihilated by Feirajof the pandemonium lord (52 damage)
             ... in the Dungeon (Sprint V: "Ziggurat Sprint").
             The game lasted 00:27:23 (3799 turns).

mhtbhm the Archmage (Deep Elf Fire Elementalist)    Turns: 3799, Time: 00:27:24

Health: -41/85     AC: 13    Str:  3    XL:     18   Next: 69%
Magic:  30/51      EV: 26    Int: 38    God:    Vehumet [******]
Gold:   0          SH:  5    Dex: 23    Spells: 0/71 levels left

rFire    + + .     SeeInvis +   C - +8 lance "Wyrmbane" {slay drac, rPois rF+ rC+ AC+3}
rCold    + + .     Faith    .   (no shield)
rNeg     + . .     Spirit   .   a - +2 robe {Archmagi}
rPois    +         Reflect  +   w - +3 helmet of a ziggurat {Dex+4}
rElec    .         Harm     .   x - scarf {rC+ rF+}
rCorr    .         Rampage  .   (no gloves)
Will     ++++.     NoTele   +   L - +1 pair of boots "Firisa" {rN+ Regen+ Str-2 Dex+4}
Stlth    +++.......             K - amulet of reflection
HPRegen  1.24/turn              A - ring "Hodadet" {Will+ Int+6 SInv}
MPRegen  0.32/turn              z - ring of the Mage {Wiz Will++ Int+3}

@: studying Shields
A: no striking features
a: Renounce Religion


You were in the Dungeon.
You worshipped Vehumet.
Vehumet was exalted by your worship.
You visited 1 branch

Inventory:

Hand Weapons
 C - the +8 lance "Wyrmbane" (weapon) {slay drac, rPois rF+ rC+ AC+3}
   (You found it in the Dungeon)

   It affects your AC (+3).
   It protects you from fire.
   It protects you from cold.
   It protects you from poison.
 J - the +9 staff of Wucad Mu {*channel}
   (You took it off Dowan in the Dungeon)
Armour
 a - a +2 robe of the Archmagi (worn)
 w - the +3 helmet of a ziggurat (worn) {Dex+4}
   (You found it in the Dungeon)

   It affects your dexterity (+4).
 x - a scarf of resistance (worn)
 L - the +1 pair of boots "Firisa" (worn) {rN+ Regen+ Str-2 Dex+4}
   (You found it in the Dungeon)

   It affects your strength (-2).
   It affects your dexterity (+4).
   It protects you from negative energy.
   It increases your rate of health regeneration.
Jewellery
 z - the ring of the Mage (right hand) {Wiz Will++ Int+3}
   (You found it in the Dungeon)

   [ring of wizardry]

   It improves your spell success rate.
   It affects your intelligence (+3).
   It greatly increases your willpower.
 A - the ring "Hodadet" (left hand) {Will+ Int+6 SInv}
   (You took it off a spriggan berserker in the Dungeon)

   [ring of intelligence]

   It affects your intelligence (+6).
   It lets you see invisible.
   It increases your willpower.
 H - a ring of the Octopus King {rCorr AC+1 EV+1 Str+1 Int+1 Dex+1}
   (You found it in the Dungeon)

   [ring of resist corrosion]

   It affects your AC (+1).
   It affects your evasion (+1).
   It affects your strength (+1).
   It affects your intelligence (+1).
   It affects your dexterity (+1).
   It protects you from acid and corrosion.
 K - an amulet of reflection (around neck)
Wands
 r - a wand of mindburst (5)
 s - a wand of iceblast (4)
 t - a wand of acid (5)
 G - a wand of digging (5)
Scrolls
 b - a scroll of amnesia
 i - 9 scrolls of fog
 j - a scroll of holy word
 k - 5 scrolls of identify
 l - 2 scrolls of fear
 p - 4 scrolls of enchant weapon
 E - 2 scrolls of brand weapon
 R - 4 scrolls of enchant armour
Potions
 c - 10 potions of curing
 d - 19 potions of heal wounds
 e - 22 potions of haste
 f - 6 potions of magic
 g - 3 potions of berserk rage
 m - 2 potions of brilliance
 n - 2 potions of invisibility
 o - 4 potions of resistance
 q - 7 potions of might
Miscellaneous
 u - a phantom mirror
 v - a tin of tremorstones (2/2)
 B - a lightning rod (4/4)
 D - a box of beasts
 I - a condenser vane


   Skills:
 - Level 0.3 Fighting
 + Level 16.9 Dodging
 - Level 5.2 Stealth
 O Level 27 Spellcasting
 O Level 27 Conjurations
 * Level 23.1 Summonings
 - Level 9.9 Transmutations
 O Level 27 Fire Magic
 O Level 27 Earth Magic
 - Level 9.0 Evocations


You couldn't memorise any spells.
You knew the following spells:

 Your Spells              Type           Power      Damage    Failure   Level
a - Statue Form           Tmut/Erth      91%        N/A       1%          6
b - Dragon's Call         Summ           74%        N/A       1%          9
d - Sticky Flame          Conj/Fire      100%       2d11      0%          4
e - Fireball              Conj/Fire      78%        3d29      0%          5
f - Ignition              Fire           78%        3d20      1%          8
g - Shatter               Erth           78%        3d57*     1%          9
h - Iron Shot             Conj/Erth      78%        9d14      0%          6
i - Spellforged Servitor  Conj/Summ      76%        N/A       0%          7
j - Lehudib's Crystal Sp  Conj/Erth      78%        10d17     1%          8
k - Fire Storm            Conj/Fire      78%        8d20      1%          9

Your spell library contained the following spells:

 Spells                   Type           Power      Damage    Failure   Level
 Absolute Zero            Ice            33%        ∞         100%        9
 Beastly Appendage        Tmut           100%       N/A       0%          1
 Foxfire                  Conj/Fire      100%       2x1d9     0%          1
 Sandblast                Erth           100%       2d20      0%          1
 Summon Small Mammal      Summ           100%       N/A       0%          1
 Passwall                 Tmut/Erth      100%       N/A       0%          2
 Searing Ray              Conj           100%       3d7       0%          2
 Static Discharge         Conj/Air       100%       N/A       0%          2
 Wereblood                Tmut           100%       N/A       0%          2
 Conjure Flame            Conj/Fire      100%       6-21      0%          3
 Ignite Poison            Fire/Tmut/Pois 100%       N/A       0%          3
 Inner Flame              Hex/Fire       100%       N/A       0%          3
 Stone Arrow              Conj/Erth      100%       3d13      0%          3
 Hailstorm                Conj/Ice       100%       3d20      0%          4
 Leda's Liquefaction      Hex/Erth       62%        N/A       0%          4
 Petrify                  Tmut/Erth      100%       N/A       0%          4
 Bolt of Magma            Conj/Fire/Erth 78%        4d30      0%          5
 Irradiate                Conj/Tmut      68%        3d36      0%          5
 Iskenderun's Battlesphe  Conj           100%       2d15      0%          5
 Lee's Rapid Deconstruct  Erth           78%        3d36*     0%          5
 Monstrous Menagerie      Summ           74%        N/A       0%          7
 Orb of Destruction       Conj           78%        9d19      0%          7
 Animate Skeleton         Necr           100%       N/A       1%          1
 Apportation              Tloc           100%       N/A       1%          1
 Corona                   Hex            74%        N/A       1%          1
 Freeze                   Ice            100%       1d11      1%          1
 Sting                    Tmut/Pois      100%       1d8       1%          1
 Blink                    Tloc           N/A        N/A       1%          2
 Corpse Rot               Necr/Air       N/A        N/A       1%          2
 Ensorcelled Hibernation  Hex/Ice        100%       N/A       1%          2
 Poisonous Vapours        Pois/Air       100%       N/A       1%          2
 Slow                     Hex            67%        N/A       1%          2
 Sublimation of Blood     Necr           33%        N/A       1%          2
 Frozen Ramparts          Ice            100%       1d12      1%          3
 Gell's Gravitas          Tloc           33%        N/A       1%          3
 Lesser Beckoning         Tloc           33%        N/A       1%          3
 Mephitic Cloud           Conj/Pois/Air  100%       N/A       1%          3
 Portal Projectile        Hex/Tloc       100%       N/A       1%          3
 Spider Form              Tmut/Pois      46%        N/A       1%          3
 Swiftness                Air            67%        N/A       1%          3
 Teleport Other           Tloc           67%        N/A       1%          3
 Tukima's Dance           Hex            67%        N/A       1%          3
 Cause Fear               Hex            33%        N/A       1%          4
 Ice Form                 Ice/Tmut       93%        N/A       1%          4
 Olgreb's Toxic Radiance  Pois           67%        N/A       1%          4
 Passage of Golubria      Tloc           N/A        N/A       1%          4
 Summon Ice Beast         Ice/Summ       100%       N/A       1%          4
 Summon Lightning Spire   Summ/Air       100%       N/A       1%          4
 Alistair's Intoxication  Tmut/Pois      62%        N/A       1%          5
 Hydra Form               Tmut           56%        N/A       1%          5
 Lightning Bolt           Conj/Air       62%        1d85      1%          5
 Summon Forest            Summ/Tloc      59%        N/A       1%          5
 Yara's Violent Unravell  Hex/Tmut       46%        3d18      1%          5
 Blade Hands              Tmut           56%        N/A       1%          6
 Eringya's Noxious Bog    Tmut/Pois      46%        N/A       1%          6
 Freezing Cloud           Conj/Ice/Air   54%        6-21      1%          6
 Dragon Form              Tmut           56%        N/A       1%          7
 Haunt                    Necr/Summ      59%        N/A       1%          7
 Malign Gateway           Summ/Tloc      59%        N/A       1%          7
 Chain Lightning          Conj/Air       62%        N/A       1%          8
 Summon Horrible Things   Summ           74%        N/A       1%          8
 Manifold Assault         Tloc           67%        N/A       4%          5
 Silence                  Hex/Air        33%        N/A       4%          5
 Dispersal                Tloc           33%        N/A       21%         6
 Invisibility             Hex            67%        N/A       21%         6
 Discord                  Hex            33%        N/A       100%        8
 Disjunction              Tloc           33%        N/A       100%        8
 Tornado                  Air            33%        N/A       100%        9


Dungeon Overview and Level Annotations

Branches:
Dungeon (1/1)

Altars:
Ashenzari
Cheibriados
Dithmenos
Elyvilon
Fedhas
Gozag
Hepliaklqana
Kikubaaqudgha
Makhleb
Nemelex Xobeh
Okawaru
Qazlal
Ru
Sif Muna
Trog
Uskayaw
Vehumet
Wu Jian
Xom
Yredelemnul
Zin
The Shining One
Beogh
Jiyva
Lugonu


Message History

Huawaho is lightly wounded.
Zoasm is almost dead.
Something shouts, "Disclaim thyself, thou featherweight roguish efter!"
The wraith is almost destroyed.
The great orb of eyes is lightly wounded.
You kill the golden eye!
Yduunad is almost dead.
Vofehis is severely wounded.
You kill Annaurao!
Vehumet accepts your kill.
Metuch is severely wounded.
You destroy the wraith!
Gaoburos is moderately wounded.
Balirr is heavily wounded.
Ireagg is lightly wounded.
You kill the neqoxec!
The ball lightning explodes!
The blast of lightning engulfs Metuch.
Metuch completely resists.
The blast of lightning engulfs Ireagg.
Ireagg resists.
The blast of lightning engulfs the Ice Fiend!
The blast of lightning engulfs Yduunad.
Yduunad resists.
The blast of lightning engulfs Deffowek!
The blast of lightning engulfs Vofehis!
The ball lightning explodes!
The blast of lightning engulfs Metuch.
Metuch completely resists.
The blast of lightning engulfs Deffowek.
The blast of lightning engulfs the Ice Fiend!
The blast of lightning engulfs Huawaho but does no damage.
The blast of lightning engulfs Vofehis!
The blast of lightning engulfs Ireagg.
Ireagg resists.
The blast of lightning engulfs Yduunad.
Yduunad resists.
The blast of lightning engulfs the wraith.
The wraith is destroyed!
You revert to your normal fleshy form.
The +1 pair of boots "Firisa" {rN+ Regen+ Str-2 Dex+4} unmelds from your body.
Your +2 robe of the Archmagi unmelds from your body.
You feel powerful.
Something roars, "Take thy face hence whilst thou may!"
Rerua comes into view.
Feirajof hits you!!!
Ouch! That really hurt!
You die...

.....○..&......
...°°○&§.&......
..○○&○○○&&1.....
......&.&&.&....
...○○..G..&.....
.....°°&&.○.....
......&*&§&.....
.......&&&&.....
.......©@.......
▓▓▓▓▓▓▓▓▓▓▓▓▓▓▓▓


You could see Balirr, Deffowek, Deregasm, Feirajof, Fotoe, Gaoburos (fast),
Huawaho, Ireagg, Metuch, Ohadypra, Qamazug (invisible), Rerua (wandering,
silencing), Vofehis, Xoablo, Yduunad, Yramadet, Zoasm, an Ice Fiend (summoned)
and a great orb of eyes (summoned).

Vanquished Creatures
  4 pandemonium lords (D)
  A profane servitor (D)
  5 liches (D)
  A tentacled monstrosity (D)
  7 Orb Guardians (D)
  An acid blob (D)
  3 tentacled starspawn (D)
  Frances (D)
  2 storm dragons (D)
  Kirke (D)
  An Executioner (D)
  3 shadow dragons (D)
  A revenant (D)
  Gastronok (D)
  2 rockslimes (D)
  An azure jelly (D)
  A draconian monk (D)
  2 balrugs (D)
  A ghost moth (D)
  A draconian stormcaller (D)
  2 ghouls (D)
  3 stone giants (D)
  2 very ugly things (D)
  7 spriggan defenders (D)
  4 black draconians (D)
  A quicksilver ooze (D)
  6 green draconians (D)
  Azrael (D)
  6 white draconians (D)
  6 yellow draconians (D)
  5 red draconians (D)
  6 purple draconians (D)
  Snorg (D)
  2 blizzard demons (D)
  A great orb of eyes (D)
  Erolcha (D)
  3 hydras (D)
  16 vault guards (D)
  7 spriggan air magi (D)
  A catoblepas (D)
  Erica (D)
  2 death yaks (D)
  3 vampire magi (D)
  3 spriggan berserkers (D)
  2 wretched stars (D)
  A fire crab (shapeshifter) (D)
  A sixfirhy (D)
  2 spriggan druids (D)
  5 skeletal warriors (D)
  A glowing orange brain (D)
  2 starcursed masses (D)
  A necromancer (D)
  4 ugly things (D)
  A faun (shapeshifter) (D)
  3 cyclopes (D)
  2 moths of wrath (D)
  An elephant (D)
  4 draconians (D)
  2 smoke demons (D)
  3 black mambas (D)
  2 worldbinders (D)
  Joseph (D)
  A rust devil (D)
  5 cane toads (D)
  2 eyes of devastation (D)
  2 yaktaurs (D)
  2 komodo dragons (D)
  A torpor snail (shapeshifter) (D)
  2 freezing wraiths (D)
  Psyche (D)
  2 hellions (D)
  2 unseen horrors (shapeshifter) (D)
  A demonic crawler (D)
  A tormentor (D)
  A guardian mummy (D)
  An ancient zyme (D)
  A hellwing (D)
  2 jumping spiders (D)
  6 trolls (D)
  2 polar bears (D)
  2 blink frogs (D)
  A dream sheep (D)
  A raiju (D)
  7 slime creatures (D)
  Sigmund (D)
  A flying skull (D)
  2 vampires (D)
  6 shadows (D)
  3 wraiths (D)
  4 large abominations (D)
  2 yaks (D)
  A hog (shapeshifter) (D)
  2 ynoxinuls (D)
  A basilisk (D)
  Eustachio (D)
  A steam dragon (D)
  Edmund (D)
  Duvessa (D)
  A floating eye (D)
  7 water moccasins (D)
  2 swamp drakes (D)
  3 ice beasts (D)
  2 ogres (D)
  2 necrophages (D)
  2 small abominations (D)
  A wolf (D)
  Blork the orc (D)
  A bullfrog (D)
  Dowan (D)
  A scorpion (D)
  2 wights (D)
  2 crimson imps (D)
  A quasit (D)
  A jelly (D)
  3 orc priests (D)
  Crazy Yiuf (D)
  Jessica (D)
  Ijyb (D)
  An iguana (D)
  An orc wizard (D)
  A mummy (D)
  A river rat (D)
  A shadow imp (D)
  3 white imps (D)
  4 ufetubi (D)
  An adder skeleton (D)
  2 adder zombies (D)
  4 orcs (D)
  3 bat skeletons (D)
  A bat zombie (D)
  4 endoplasms (D)
  A ball python simulacrum (D)
  2 ball python zombies (D)
  A bat simulacrum (D)
  A giant cockroach simulacrum (D)
  2 giant cockroach zombies (D)
  A jackal zombie (D)
  A quokka skeleton (D)
  A quokka zombie (D)
  3 ball lightnings (D)
  2 fire vortices (D)
  A lurking horror (D)
320 creatures vanquished.

Vanquished Creatures (collateral kills)
  A tentacled monstrosity (D)
  A stone giant (D)
  2 vault guards (D)
  A spriggan berserker (D)
  A moth of wrath (D)
  A water moccasin (D)
  A ball lightning (D)
8 creatures vanquished.

Vanquished Creatures (others)
  A swamp drake (D)
  41 fire vortices (D)
42 creatures vanquished.

Grand Total: 370 creatures vanquished

Notes
Turn   | Place    | Note
-------+----------+-------------------------------------------
     0 | D        | mhtbhm the Deep Elf Fire Elementalist began the quest for
                  | the Orb.
     0 | D        | Reached XP level 1. HP: 10/10 MP: 6/6
     0 | D        | Found a blossoming altar of Fedhas.
     0 | D        | Banished a spatial maelstrom
     1 | D        | Found the +6 Majin-Bo {vamp, MP+6 Int+6}
     1 | D        | Found the +9 heavy crossbow "Sniper" {vorpal, Acc+∞ SInv}
     1 | D        | Found the +10 dark maul {vorpal}
     1 | D        | Found the +15 Maxwell's patent armour {-Cast -Tele rElec
                  | Will+ rCorr}
     1 | D        | Found the +18 shield of the Gong {rElec rN+ Will+ EV-5}
     1 | D        | Found the +14 obsidian axe {vorpal, Drain Fly SInv}
     1 | D        | Found the +7 great mace "Firestarter" {inner flame, rF++}
     1 | D        | Found the +6 shillelagh "Devastator" {shatter}
     1 | D        | Found the +11 plutonium sword {Contam Stlth-}
     1 | D        | Found the +8 lance "Wyrmbane" {slay drac, rPois rF+ rC+
                  | AC+3}
     1 | D        | Found the +9 sword of Zonguldrok {reap}
     1 | D        | Found the +13 scythe of Curses {drain, Drain}
     1 | D        | Found the +5 sword of Power {vorpal}
     1 | D        | Found the +7 mace of Variability {chain chaos}
     1 | D        | Found the +7 Singing Sword {vorpal, sonic wave}
     1 | D        | Found the +8 storm bow {elec, penet}
     1 | D        | Found a transporter.
     1 | D        | Found a viscous altar of Jiyva.
     1 | D        | Found an ancient bone altar of Kikubaaqudgha.
     1 | D        | Found a hazy altar of Hepliaklqana.
     1 | D        | Found a corrupted altar of Lugonu.
     1 | D        | Found an opulent altar of Gozag.
     1 | D        | Found a burning altar of Makhleb.
     2 | D        | Found a sacrificial altar of Ru.
     2 | D        | Found a shimmering blue altar of Sif Muna.
     2 | D        | Found a stormy altar of Qazlal.
     2 | D        | Found a bloodstained altar of Trog.
     2 | D        | Found an iron altar of Okawaru.
     2 | D        | Found a sparkling altar of Nemelex Xobeh.
     8 | D        | Banished a spatial maelstrom
    45 | D        | Became a worshipper of Vehumet
    69 | D        | Entered arena 2.
    69 | D        | Noticed a guardian mummy
    69 | D        | Found a transporter.
    72 | D        | Reached XP level 2. HP: 15/15 MP: 6/8
    73 | D        | Killed a guardian mummy
    74 | D        | Reached skill level 5 in Dodging
    74 | D        | Reached skill level 5 in Stealth
    74 | D        | Reached skill level 10 in Fire Magic
    74 | D        | Reached XP level 3. HP: 16/19 MP: 6/13
    74 | D        | Reached XP level 4. HP: 21/24 MP: 6/15
    74 | D        | Reached XP level 5. HP: 24/28 MP: 6/16
   146 | D        | Learned a level 3 spell: Conjure Flame
   150 | D        | Learned a level 3 spell: Inner Flame
   155 | D        | Learned a level 4 spell: Sticky Flame
   161 | D        | Learned a level 5 spell: Fireball
   161 | D        | Entered arena 3.
   161 | D        | Noticed a jumping spider
   161 | D        | Noticed a jumping spider
   161 | D        | Found a transporter.
   164 | D        | Reached * piety under Vehumet
   164 | D        | Offered knowledge of Magic Dart by Vehumet.
   164 | D        | Killed a jumping spider
   165 | D        | Reached XP level 6. HP: 6/32 MP: 4/19
   165 | D        | Reached XP level 7. HP: 7/36 MP: 4/21
   168 | D        | Killed a jumping spider
   382 | D        | Entered arena 4.
   382 | D        | Noticed a steam dragon
   382 | D        | Found a transporter.
   385 | D        | Reached ** piety under Vehumet
   385 | D        | Offered knowledge of Searing Ray by Vehumet.
   385 | D        | Killed a steam dragon
   386 | D        | Reached skill level 10 in Spellcasting
   386 | D        | Reached XP level 8. HP: 34/41 MP: 14/24
   438 | D        | Entered arena 5.
   438 | D        | Noticed a draconian
   438 | D        | Noticed a draconian
   438 | D        | Noticed a draconian
   438 | D        | Noticed a draconian
   438 | D        | Found a transporter.
   443 | D        | Killed a draconian
   443 | D        | Killed a draconian
   443 | D        | Reached *** piety under Vehumet
   444 | D        | Reached skill level 15 in Fire Magic
   444 | D        | Killed a draconian
   445 | D        | Reached skill level 5 in Conjurations
   445 | D        | Reached skill level 5 in Evocations
   445 | D        | Reached XP level 9. HP: 30/45 MP: 7/27
   445 | D        | Killed a draconian
   446 | D        | Reached skill level 10 in Dodging
   670 | D        | Entered arena 6.
   670 | D        | Noticed a polar bear
   670 | D        | Found a transporter.
   671 | D        | Offered knowledge of Poisonous Vapours by Vehumet.
   671 | D        | Reached **** piety under Vehumet
   673 | D        | Killed a polar bear
   679 | D        | Got the ring "Uqut" {Drain AC+4 Str+3 Int+4 SInv}
   682 | D        | Got the amulet of Dibriust {Faith rElec rPois}
   900 | D        | Entered arena 7.
   902 | D        | Killed an unseen horror
   902 | D        | Offered knowledge of Olgreb's Toxic Radiance by Vehumet.
   904 | D        | Reached ***** piety under Vehumet
   908 | D        | Found a transporter.
   986 | D        | Learned a level 8 spell: Ignition
   996 | D        | Learned a level 9 spell: Shatter
   997 | D        | Entered arena 8.
   997 | D        | Noticed a cane toad
   998 | D        | Killed a cane toad
   999 | D        | Found a transporter.
  1123 | D        | Entered arena 9.
  1123 | D        | Noticed Jessica
  1123 | D        | Noticed Crazy Yiuf
  1123 | D        | Noticed Duvessa
  1123 | D        | Noticed Erica
  1123 | D        | Noticed Erolcha
  1123 | D        | Noticed Eustachio
  1123 | D        | Noticed Gastronok
  1124 | D        | Killed Crazy Yiuf
  1124 | D        | Offered knowledge of Stone Arrow by Vehumet.
  1124 | D        | Reached ****** piety under Vehumet
  1124 | D        | Killed Erolcha
  1124 | D        | Killed Jessica
  1124 | D        | Killed Eustachio
  1124 | D        | Killed Erica
  1124 | D        | Killed Duvessa
  1125 | D        | Reached XP level 10. HP: 50/50 MP: 27/30
  1128 | D        | Killed Gastronok
  1129 | D        | Reached skill level 15 in Spellcasting
  1129 | D        | Found a transporter.
  1291 | D        | Got the ring of Wosemul {Wiz rPois rF- Will- rCorr SInv}
  1312 | D        | Got the ring "Heiptoxkuh" {rCorr Str+5 Slay+3}
  1322 | D        | Entered arena 10.
  1322 | D        | Identified the +9 longbow "Lacsed" {freeze, rElec rN+
                  | Str+4}
  1323 | D        | Offered knowledge of Iron Shot by Vehumet.
  1324 | D        | Found a transporter.
  1332 | D        | Got the Grimoire of the Shifting Traveller
  1359 | D        | Learned a level 6 spell: Iron Shot
  1361 | D        | Entered arena 11.
  1361 | D        | Noticed a tentacled starspawn
  1361 | D        | Noticed a starcursed mass
  1361 | D        | Noticed a revenant
  1362 | D        | Found the +7 pair of quick blades "Gyre" and "Gimble"
                  | {protect}
  1362 | D        | Offered knowledge of Starburst by Vehumet.
  1362 | D        | Killed a revenant
  1362 | D        | Killed a tentacled starspawn
  1363 | D        | Reached skill level 5 in Earth Magic
  1363 | D        | Reached XP level 11. HP: 48/54 MP: 31/34
  1365 | D        | Killed a starcursed mass
  1366 | D        | Killed a starcursed mass
  1367 | D        | Found a transporter.
  1446 | D        | Entered arena 12.
  1446 | D        | Noticed a spriggan berserker
  1447 | D        | Killed a death yak
  1447 | D        | Noticed an eight-headed hydra
  1448 | D        | Reached skill level 10 in Conjurations
  1448 | D        | Killed an eight-headed hydra
  1448 | D        | Killed a spriggan berserker
  1450 | D        | Noticed a catoblepas
  1452 | D        | Found a transporter.
  1457 | D        | Killed a catoblepas
  1466 | D        | Got Sif Muna's Volume of the Glacial Entourage
  1474 | D        | Got the ring "Tutewudgh" {Drain rElec rC++ MP+9 Slay+6}
  1510 | D        | Entered arena 13.
  1510 | D        | Noticed a green very ugly thing
  1510 | D        | Noticed a cyan very ugly thing
  1510 | D        | Noticed a glowing orange brain
  1510 | D        | Noticed a fire crab
  1510 | D        | a glowing orange brain changed into a faun
  1510 | D        | Noticed a green ugly thing
  1510 | D        | Noticed a red ugly thing
  1511 | D        | Offered knowledge of Yara's Violent Unravelling by Vehumet.
  1511 | D        | Killed a cyan very ugly thing
  1511 | D        | Noticed a green ugly thing
  1512 | D        | Reached XP level 12. HP: 59/59 MP: 33/37
  1512 | D        | Killed a brown very ugly thing
  1518 | D        | Found a transporter.
  1557 | D        | Got the ring "Zityroqalu" {rF+ Int+4 Dex+2 Stlth-}
  1697 | D        | Entered arena 14.
  1699 | D        | Offered knowledge of Lee's Rapid Deconstruction by Vehumet.
  1699 | D        | Noticed a stone giant
  1700 | D        | Reached skill level 10 in Earth Magic
  1705 | D        | Killed a stone giant
  1859 | D        | Found the +8 trident of the Octopus King {venom, rElec
                  | rPois Will+}
  1859 | D        | Found a transporter.
  2019 | D        | Entered arena 15.
  2020 | D        | Noticed a balrug
  2020 | D        | Noticed a balrug
  2021 | D        | Found the +7 Kryia's mail coat {PotionHeal*2 rC+}
  2021 | D        | Offered knowledge of Spellforged Servitor by Vehumet.
  2024 | D        | Killed a balrug
  2026 | D        | Killed a balrug
  2027 | D        | Reached XP level 13. HP: 56/63 MP: 20/40
  2029 | D        | Found a transporter.
  2065 | D        | Got the ring "Bidd" {Fly AC+4 Str+6 Dex+3}
  2067 | D        | Got the ring "Pekhec" {Fire rElec rPois Slay-5}
  2093 | D        | Learned a level 7 spell: Spellforged Servitor
  2093 | D        | Entered arena 16.
  2093 | D        | Noticed Dowan
  2094 | D        | Killed Dowan
  2094 | D        | Noticed Blork the orc
  2094 | D        | Noticed Edmund
  2095 | D        | Noticed Joseph
  2095 | D        | Noticed Frances
  2096 | D        | Killed Blork the orc
  2096 | D        | Killed Edmund
  2096 | D        | Offered knowledge of Ozocubu's Refrigeration by Vehumet.
  2096 | D        | Killed Joseph
  2096 | D        | Killed Ijyb
  2096 | D        | Noticed Psyche
  2098 | D        | Killed Psyche
  2098 | D        | Noticed Azrael
  2099 | D        | Noticed Snorg
  2100 | D        | Noticed Kirke
  2102 | D        | Killed Frances
  2102 | D        | Killed Snorg
  2104 | D        | Noticed Sigmund
  2105 | D        | Found a transporter.
  2106 | D        | Killed Kirke
  2109 | D        | Killed Sigmund
  2118 | D        | Killed Azrael
  2194 | D        | Got Daetexaf's Reference Book on Harmful Weightlessness
  2222 | D        | Entered arena 17.
  2230 | D        | Found a transporter.
  2236 | D        | Got the amulet of Ufamiun {Spirit Harm rC- Str+4 Dex+5}
  2245 | D        | Got the Grimoire of Gliding Moulding
  2249 | D        | Got the ring "Zuumal" {Fly rC+ Str+2}
  2252 | D        | Got the amulet of the Locust {Faith Harm rF++ Str+4 Slay-6}
  2274 | D        | Entered arena 18.
  2277 | D        | Noticed a red draconian
  2277 | D        | Noticed a black draconian
  2277 | D        | Noticed a purple draconian
  2277 | D        | Noticed a green draconian
  2277 | D        | Noticed a white draconian
  2277 | D        | Noticed a green draconian
  2277 | D        | Noticed a red draconian
  2277 | D        | Noticed a white draconian
  2277 | D        | Noticed a yellow draconian
  2277 | D        | Noticed a yellow draconian
  2277 | D        | Noticed a red draconian
  2277 | D        | Noticed a purple draconian
  2278 | D        | Found the +6 arbalest "Damnation" {damnation}
  2278 | D        | Noticed a white draconian
  2278 | D        | Noticed a yellow draconian
  2279 | D        | Killed a yellow draconian
  2279 | D        | Killed a green draconian
  2279 | D        | Offered knowledge of Conjure Ball Lightning by Vehumet.
  2279 | D        | Killed a green draconian
  2279 | D        | Killed a white draconian
  2279 | D        | Killed a white draconian
  2279 | D        | Killed a purple draconian
  2279 | D        | Killed a yellow draconian
  2279 | D        | Identified the +4 quarterstaff "Seoblol" {venom, rElec rC+
                  | Will- Dex+2}
  2279 | D        | Noticed a red draconian
  2280 | D        | Killed a red draconian
  2280 | D        | Killed a white draconian
  2280 | D        | Killed a black draconian
  2280 | D        | Killed a red draconian
  2281 | D        | Reached XP level 14. HP: 29/68 MP: 43/45
  2283 | D        | Noticed a white draconian stormcaller
  2286 | D        | Killed a white draconian stormcaller
  2287 | D        | Reached skill level 15 in Earth Magic
  2393 | D        | Found a transporter.
  2416 | D        | Got the Volume of Damaging Weightlessness
  2474 | D        | Entered arena 19.
  2477 | D        | Noticed a ghoul
  2477 | D        | Noticed a lich
  2477 | D        | Noticed a ghoul
  2478 | D        | Identified the +12 scythe "Soybeiti" {vorpal, Fragile rPois
                  | Stlth+}
  2478 | D        | Identified the ring "Cegul" {Fire rElec Int+2 Dex-4}
  2478 | D        | Offered knowledge of Lehudib's Crystal Spear by Vehumet.
  2478 | D        | Offered knowledge of Fire Storm by Vehumet.
  2478 | D        | Offered knowledge of Absolute Zero by Vehumet.
  2479 | D        | Killed a lich
  2479 | D        | Killed a ghoul
  2479 | D        | Killed a ghoul
  2480 | D        | Reached skill level 27 in Spellcasting
  2564 | D        | Found a transporter.
  2580 | D        | Got the +1 pair of boots "Firisa" {rN+ Regen+ Str-2 Dex+4}
  2627 | D        | Entered arena 20.
  2637 | D        | Learned a level 8 spell: Lehudib's Crystal Spear
  2647 | D        | Learned a level 9 spell: Fire Storm
  2651 | D        | Noticed a rockslime
  2651 | D        | Noticed an azure jelly
  2651 | D        | Noticed an acid blob
  2652 | D        | Found the ring of Shadows {Umbra +Inv Stlth+}
  2652 | D        | Killed an azure jelly
  2652 | D        | Noticed a quicksilver ooze
  2652 | D        | Noticed a rockslime
  2653 | D        | Killed an acid blob
  2653 | D        | Killed a quicksilver ooze
  2655 | D        | Killed a rockslime
  2656 | D        | Killed a rockslime
  2725 | D        | Found the ring of the Mage {Wiz Will++ Int+3}
  2725 | D        | Found a transporter.
  2748 | D        | Got the ring "Uruko" {Fly Str+6 Int-3 Dex+6}
  2750 | D        | Got the +2 cloak of Midnight {Fly rPois rC+ Str-2}
  2763 | D        | Got Axefim's Disquisition on Flight and Hexes
  2765 | D        | Got the ring "Raofonal" {rF+ Str+8 Slay-2 SInv Stlth-}
  2775 | D        | Learned a level 6 spell: Statue Form
  2777 | D        | Entered arena 21.
  2781 | D        | Noticed a profane servitor
  2782 | D        | Noticed a tentacled starspawn
  2783 | D        | Reached skill level 27 in Fire Magic
  2784 | D        | Killed a profane servitor
  2784 | D        | Killed an Executioner
  2784 | D        | Killed a tentacled starspawn
  2785 | D        | Reached XP level 15. HP: 72/72 MP: 48/48
  2789 | D        | Noticed a tentacled starspawn
  2792 | D        | Killed a tentacled starspawn
  2815 | D        | Found a transporter.
  2842 | D        | Got the +3 helmet of a ziggurat {Dex+4}
  2894 | D        | Entered arena 22.
  2922 | D        | Noticed a lich
  2922 | D        | Noticed a lich
  2923 | D        | Killed a lich
  2923 | D        | Killed a lich
  2924 | D        | Reached skill level 1 in Summonings
  2924 | D        | Noticed a shadow dragon
  2924 | D        | Noticed a shadow dragon
  2926 | D        | Killed a shadow dragon
  2926 | D        | Noticed a lich
  2926 | D        | Identified the ring "Besanuy" {rPois MP+9}
  2927 | D        | Reached skill level 15 in Conjurations
  2927 | D        | Killed a shadow dragon
  2927 | D        | Killed a lich
  2927 | D        | Noticed a lich
  2928 | D        | Killed a lich
  3080 | D        | Found a transporter.
  3102 | D        | Got the ring of Der Alif {+Blink rPois rN+ rCorr Dex+4}
  3210 | D        | Entered arena 23.
  3218 | D        | Noticed a tentacled monstrosity
  3218 | D        | Noticed an Orb Guardian
  3218 | D        | Noticed a shadow dragon
  3218 | D        | Noticed a tentacled monstrosity
  3219 | D        | Killed an Orb Guardian
  3219 | D        | Noticed a storm dragon
  3219 | D        | Noticed an Orb Guardian
  3219 | D        | Noticed an Orb Guardian
  3219 | D        | Noticed an Orb Guardian
  3219 | D        | Noticed an Orb Guardian
  3220 | D        | Reached skill level 1 in Transmutations
  3220 | D        | Reached XP level 16. HP: 76/76 MP: 22/49
  3220 | D        | Killed an Orb Guardian
  3221 | D        | Killed an Orb Guardian
  3221 | D        | Noticed a storm dragon
  3222 | D        | Killed a storm dragon
  3223 | D        | Reached skill level 27 in Earth Magic
  3223 | D        | Killed an Orb Guardian
  3223 | D        | Killed an Orb Guardian
  3223 | D        | Killed an Orb Guardian
  3223 | D        | Killed a tentacled monstrosity
  3224 | D        | Reached skill level 5 in Summonings
  3224 | D        | Killed an Orb Guardian
  3224 | D        | Killed a shadow dragon
  3224 | D        | Killed a storm dragon
  3225 | D        | Killed a tentacled monstrosity
  3280 | D        | Found a transporter.
  3288 | D        | Got the amulet "Rekk" {Spirit rN++ rCorr Str-3 Dex+8}
  3302 | D        | Got Zucokit's Reference Book on Clay
  3305 | D        | Got the ring of the Country {Ice Dex+2}
  3310 | D        | Got the Incunabulum of Harmful Ice
  3313 | D        | Got the ring of the Empty Page {Wiz Will+ Str+3 Int+4}
  3368 | D        | Entered arena 24.
  3369 | D        | Reached XP level 17. HP: 80/80 MP: 50/50
  3377 | D        | Reached skill level 15 in Dodging
  3377 | D        | Reached XP level 18. HP: 85/85 MP: 51/51
  3390 | D        | Reached skill level 15 in Summonings
  3610 | D        | Found the ring of the Octopus King {rCorr AC+1 EV+1 Str+1
                  | Int+1 Dex+1}
  3613 | D        | Found a transporter.
  3645 | D        | Got the ring "Hodadet" {Will+ Int+6 SInv}
  3655 | D        | Got a ring of the Octopus King {rCorr AC+1 EV+1 Str+1 Int+1
                  | Dex+1}
  3694 | D        | Learned a level 9 spell: Dragon's Call
  3779 | D        | Entered arena 25.
  3786 | D        | Noticed Annaurao the pandemonium lord
  3786 | D        | Noticed Balirr the pandemonium lord
  3786 | D        | Noticed Yduunad the pandemonium lord
  3786 | D        | Noticed Fotoe the pandemonium lord
  3786 | D        | Noticed Selupita the pandemonium lord
  3786 | D        | Noticed Mots the pandemonium lord
  3786 | D        | Noticed Zoasm the pandemonium lord
  3786 | D        | Noticed Vofehis the pandemonium lord
  3786 | D        | Noticed Yramadet the pandemonium lord
  3786 | D        | Noticed Ireagg the pandemonium lord
  3787 | D        | Noticed a Brimstone Fiend
  3787 | D        | Noticed Ohadypra the pandemonium lord
  3787 | D        | Noticed Feirajof the pandemonium lord
  3787 | D        | Noticed Ygot the pandemonium lord
  3787 | D        | Noticed Leud the pandemonium lord
  3787 | D        | Noticed Metuch the pandemonium lord
  3787 | D        | Noticed Tengeunys the pandemonium lord
  3788 | D        | Noticed Deregasm the pandemonium lord
  3788 | D        | Noticed Yrongak the pandemonium lord
  3788 | D        | Noticed Deffowek the pandemonium lord
  3796 | D        | Killed Mots the pandemonium lord
  3796 | D        | Killed Selupita the pandemonium lord
  3796 | D        | Noticed Huawaho the pandemonium lord
  3797 | D        | Reached skill level 27 in Conjurations
  3797 | D        | Noticed Qamazug the pandemonium lord
  3797 | D        | Noticed Xoablo the pandemonium lord
  3797 | D        | Noticed Bynenea the pandemonium lord
  3797 | D        | Noticed Gaoburos the pandemonium lord
  3798 | D        | Killed Yrongak the pandemonium lord
  3799 | D        | Noticed an Ice Fiend
  3799 | D        | Killed Annaurao the pandemonium lord
  3799 | D        | Noticed Rerua the pandemonium lord
  3799 | D        | Annihilated by Feirajof the pandemonium lord

Illustrated notes

Levels and vault maps discovered:
D:        sprint_v [room_start, room_1, room_2, room_3, room_4, room_5, room_6,
          room_7, room_8, room_9, room_10, room_11, room_12, room_13, room_14,
          room_15, room_16, room_17, room_18, room_19, room_20, room_21,
          room_22, room_23, room_24, room_25, room_26, room_27]

Skill      XL: |  1  2  3  4  5  6  7  8  9 10 11 12 13 14 15 16 17 18 |
---------------+-------------------------------------------------------+-----
Dodging        | 3 5 7 8 9 11 12 13 14 15 16 | 16.9
Fire Magic     | 4 10 12 14 15 18 19 21 22 24 27 | 27.0
Stealth        | 5 |  5.2
Spellcasting   | 7 8 10 12 14 17 19 21 25 27 | 27.0
Evocations     | 2 3 5 7 8 9 |  9.0
Conjurations   | 2 3 5 7 9 10 11 12 17 24 25 27 | 27.0
Earth Magic    | 5 8 11 14 20 25 27 | 27.0
Summonings     | 3 6 12 23 | 23.1
Transmutations | 1 9 |  9.9
Fighting       | |  0.3

Action                   |  1- 3 |  4- 6 |  7- 9 | 10-12 | 13-15 | 16-18 || total
-------------------------+-------+-------+-------+-------+-------+-------++-------
 Cast: Fireball          |       |     2 |    15 |     7 |     2 |     1 ||    27
       Sticky Flame      |       |     1 |     1 |     1 |       |       ||     3
       Ignition          |       |       |     2 |    17 |    28 |    10 ||    57
       Iron Shot         |       |       |       |     5 |     3 |       ||     8
       Spellforged Servi |       |       |       |       |     3 |     1 ||     4
       Lehudib's Crystal |       |       |       |       |     3 |       ||     3
       Shatter           |       |       |       |       |     1 |     2 ||     3
       Fire Storm        |       |       |       |       |     8 |    10 ||    18
       Statue Form       |       |       |       |       |     1 |     2 ||     3
Evoke: Wand              |     3 |       |       |     3 |     1 |       ||     7
       Lightning rod     |     1 |       |     5 |     1 |       |       ||     7
       Tin of tremorston |       |       |     1 |       |       |       ||     1
       Condenser vane    |       |       |       |       |     2 |       ||     2
  Use: Potion            |       |       |     1 |       |     4 |     5 ||    10
       Scroll            |       |       |     1 |       |     3 |     3 ||     7
Armor: Steam dragon scal |       |       |       |     2 |       |       ||     2
       Skin              |       |       |       |       |       |     4 ||     4
       Robe              |       |       |       |       |       |     1 ||     1
Dodge: Dodged            |       |     4 |     2 |     1 |     4 |    10 ||    21

Table legend: (Time is in decaauts)
 A = Elapsed time spent in this place.
 B = Non-inter-level travel time spent in this place.
 C = Inter-level travel time spent in this place.
 D = Time resting spent in this place.
 E = Time spent auto-exploring this place.
 F = Levels seen in this place.
 G = Mean time per level.
                   A        B        C        D        E       F      G
               +--------+--------+--------+--------+--------+-----+--------+
         Total |   3857 |   3857 |      0 |   2346 |    111 |   1 | 3857.0 |
       Dungeon |   3857 |   3857 |      0 |   2346 |    111 |   1 | 3857.0 |
               +--------+--------+--------+--------+--------+-----+--------+

Top non-repeatable levels by time:
       D: 3857 daAuts
